 Dungeon Crawl Stone Soup version 0.22-a0-848-ge9e22a0 (webtiles) character file.

149 Amnesiac the Digger (level 5, -1/35 HPs)
             Began as a Mummy Earth Elementalist on July 26, 2018.
             Slain by a quokka (5 damage)
             ... on level 4 of the Dungeon.
             The game lasted 00:05:32 (2432 turns).

Amnesiac the Digger (Mummy Earth Elementalist)      Turns: 2432, Time: 00:05:32

Health: -1/35      AC: -1    Str: 11    XL:     5   Next: 9%
Magic:  3/11       EV: 12    Int: 16    God:
Gold:   179        SH:  0    Dex: 12    Spells: 2/12 levels left

rFire    x . .     SeeInvis .   a - +0 dagger
rCold    + . .     Gourm    .   (no shield)
rNeg     + + +     Faith    .   c - +0 robe
rPois    ∞         Spirit   .   (no helmet)
rElec    .         Reflect  .   (no cloak)
rCorr    .         Harm     .   (no gloves)
MR       .....                  f - +0 pair of boots
Stlth    ++........             (no amulet)
HPRegen  0.11/turn              (no ring)
MPRegen  0.12/turn              (no ring)

@: corroded
A: no food or potions, fire vulnerability, cold resistance 1, negative energy
resistance 3, torment resistance, unbreathing
a: no special abilities


You were on level 4 of the Dungeon.
You were not hungry.

You visited 1 branch of the dungeon, and saw 5 of its levels.

You collected 179 gold pieces.

Inventory:

Hand Weapons
 a - a +0 dagger (weapon)
 d - a +0 long sword
Missiles
 b - 6 stones (quivered)
Armour
 c - a +0 robe (worn)
 f - a +0 pair of boots (worn)
Scrolls
 e - a scroll of fear {!r}
 g - a scroll of remove curse {!r}


   Skills:
 - Level 1.5 Dodging
 - Level 1.5 Stealth
 + Level 4.1 Spellcasting
 - Level 0.7 Transmutations
 * Level 4.2 Earth Magic


You had 2 spell levels left.
You knew the following spells:

 Your Spells              Type           Power        Failure   Level  Hunger
a - Stone Arrow           Conj/Erth      ##....       21%         3    N/A
b - Passwall              Tmut/Erth      ##......     9%          2    N/A
c - Sandblast             Erth           ###...       3%          1    N/A
e - Petrify               Tmut/Erth      ##......     52%         4    N/A

Your spell library contained the following spells:

 Spells                   Type           Power        Failure   Level  Hunger
 Spider Form              Tmut/Pois      #.........   41%         3    N/A
 Blade Hands              Tmut           #.........   98%         5    N/A
 Ice Form                 Ice/Tmut       #.......     82%         4    N/A
 Sticks to Snakes         Tmut           #.......     19%         2    N/A
 Lee's Rapid Deconstruct  Erth           ###.......   63%         5    N/A
 Beastly Appendage        Tmut           #.....       12%         1    N/A

Dungeon Overview and Level Annotations

Branches:
Dungeon (5/15)
 Temple: D:4-7

Altars:
Cheibriados


Innate Abilities, Weirdness & Mutations

You do not eat or drink.
Your flesh is vulnerable to fire.
You are immune to poison.
Your flesh is cold resistant. (rC+)
You are immune to negative energy. (rN+++)
You are immune to unholy pain and torment.
You can survive without breathing.


Message History

The orc shouts!
The orc throws a stone.
The stone barely misses you.
The stone hits the orc but does no damage.
The orc drinks a potion.
The orc goes berserk!
The orc throws a stone.
The stone barely misses you.
You see here a stone.
You hear a shout!
An orc comes into view. It is wielding a whip.
You hear a shout!
You see here a book of Changes.
You pick up a book of Changes and begin reading...
You add the spell Sticks to Snakes to your library.
The orc barely misses you. The orc hits you. The orc closely misses you.
Casting: Stone Arrow (safe; 21% risk of failure)
Confirm with . or Enter, or press ? or * to list all spells.
You don't have enough magic to cast that spell.
The orc hits you. The orc barely misses you.
Casting: Stone Arrow (safe; 21% risk of failure)
Confirm with . or Enter, or press ? or * to list all spells.
Aiming: Stone Arrow (safe; 21% risk of failure)
Press: ? - help, Shift-Dir - straight line, f - orc
Aim: an orc, wearing a leather armour (berserk, fast, unusually strong)
You miscast Stone Arrow.
You are very lightly contaminated with residual magic.
Motes of dust swirl before your eyes. The orc hits you but does no damage.
The orc completely misses you.
You aren't carrying any items that you can evoke.
Unknown command.
Really read
d - 2 scrolls labeled WOGUOBBIASI {!r}?
As you read the scroll labeled WOGUOBBIASI {!r}, it crumbles to dust.
It is a scroll of identify.
g - a scroll of remove curse {!r} The orc closely misses you.
Really read
d - a scroll of identify {!r}?
As you read the scroll of identify {!r}, it crumbles to dust.
e - a scroll of fear {!r} The orc hits you.
The orc closely misses you. The orc hits you.
The orc rages.
The orc barely misses you.
Found 12 gold pieces.
The orc barely misses you. The orc closely misses you. The orc misses you.
The orc is no longer berserk.
You see here 12 gold pieces.
Found 13 gold pieces.
A quokka comes into view.
Found a long sword.
The orc zaps a wand.
The bolt of acid hits you!
* * * LOW HITPOINT WARNING * * *
The acid corrodes you!
You are splashed with acid!
The acid burns!
* * * LOW HITPOINT WARNING * * *
It is a wand of acid (8).
Your magical contamination has completely faded away.
You see here a long sword.
d - a long sword The quokka barely misses you.
Okay, then.
The quokka bites you.
You die...

##### ### #.#.#
#.# #...# #.###
#@#.# #...
#r#.#########.####
#.#.##..o.o.o.....
#.#.##.######.####
#.o..o....$.#.#..o
###.##.####.#.#o##
#...... #.#.##
#..#.##.# #.#.##
#..#.# ..#.#o##


You could see an orc and a quokka.

Vanquished Creatures
  2 orc wizards
  An orc priest (D:4)
  An adder (D:4)
  A worm (D:2)
  A dart slug (D:2)
  4 leopard geckos
  8 orcs
  2 bats (D:3)
  2 giant cockroaches
  3 goblins
  A hobgoblin (D:1)
  6 jackals (D:1)
  2 kobolds
  A ball python (D:3)
  3 frilled lizards
  A jackal skeleton (D:4)
  A rat (D:1)
40 creatures vanquished.

Notes
Turn   | Place    | Note
-------+----------+-------------------------------------------
     0 | D:1      | Amnesiac the Mummy Earth Elementalist began the quest for the Orb.
     0 | D:1      | Reached XP level 1. HP: 13/13 MP: 4/4
   214 | D:1      | Reached XP level 2. HP: 3/19 MP: 0/5
   495 | D:1      | Learned a level 2 spell: Passwall
   884 | D:2      | Found a snail-covered altar of Cheibriados.
   899 | D:2      | Reached XP level 3. HP: 9/24 MP: 0/7
   907 | D:2      | Learned a level 3 spell: Stone Arrow
  1646 | D:3      | Reached XP level 4. HP: 30/30 MP: 9/9
  1655 | D:3      | Learned a level 4 spell: Petrify
  1764 | D:5      | Entered Level 5 of the Dungeon
  2165 | D:4      | Reached XP level 5. HP: 26/35 MP: 1/11
  2432 | D:4      | Slain by a quokka

Vault maps used:
D:1:      dpeg_arrival_chambers_temple_mockup, minivault_26, grunt_decor_cap
D:2:      kennysheep_slug_shrine, minmay_tetromino_s2, uniq_terence, uniq_robin,
          uniq_natasha
D:4:      first_ration, trog_butcher_becter
D:5:      nemelex_diamond_rough_becter, uniq_blork_the_orc, uniq_duvessa

Skill      XL: |  1  2  3  4 |
---------------+-------------+-----
Spellcasting   | 3 4 |  4.1
Earth Magic    | 3 4 |  4.2
Dodging        | |  1.5
Stealth        | |  1.5
Transmutations | |  0.7

Action                   |  1- 3 |  4- 6 || total
-------------------------+-------+-------++-------
Melee: Dagger            |    87 |    22 ||   109
       Unarmed           |     7 |       ||     7
 Cast: Sandblast         |    38 |    11 ||    49
       Passwall          |     4 |       ||     4
       Stone Arrow       |     1 |    11 ||    12
  Use: Scroll            |       |     2 ||     2
 Stab: Sleeping          |     1 |       ||     1
Armor: Robe              |    27 |    11 ||    38
Dodge: Dodged            |    85 |    31 ||   116

Table legend:
 A = Spawn XP
 B = Non-spawn XP
 C = Spawn XP percentage of total XP
 D = Spawn monster count
 E = Non-spawn monster count
 F = Spawn count percentage of total count
 G = Total turns spent on level
                    A         B        C        D         E        F      G
               +---------+---------+-------+---------+---------+-------+---------
         Total |       0 |     213 |   0.0 |       0 |      40 |   0.0 |  2432
               +---------+---------+-------+---------+---------+-------+---------
           D:1 |       0 |      28 |   0.0 |       0 |      14 |   0.0 |   648
           D:2 |       0 |      13 |   0.0 |       0 |       5 |   0.0 |   397
           D:3 |       0 |      58 |   0.0 |       0 |       9 |   0.0 |   698
           D:4 |       0 |     114 |   0.0 |       0 |      12 |   0.0 |   685
               +---------+---------+-------+---------+---------+-------+---------
